 Dungeon Crawl Stone Soup version 0.23.0-3-gf3c87f2 (webtiles) character file.

Game seed: 7366356385179054165

624 Inarius the Chopper (level 7, -3/57 HPs)
             Began as a Hill Orc Air Elementalist on Feb 20, 2019.
             Slain by a worker ant (5 damage)
             ... on level 4 of the Dungeon.
             The game lasted 00:06:35 (3419 turns).

Inarius the Chopper (Hill Orc Air Elementalist)     Turns: 3419, Time: 00:06:37

Health: -3/57      AC: 10    Str: 13    XL:     7   Next: 47%
Magic:  9/9        EV:  6    Int: 15    God:
Gold:   132        SH:  0    Dex: 11    Spells: 8/9 levels left

rFire    . . .     SeeInvis .   q - +1 hand axe (flame)
rCold    . . .     Gourm    .   (no shield)
rNeg     . . .     Faith    .   r - +0 chain mail
rPois    +         Spirit   .   i - +0 helmet
rElec    .         Reflect  .   (no cloak)
rCorr    .         Harm     .   (no gloves)
MR       +....                  (no boots)
Stlth    ..........             (no amulet)
HPRegen  0.19/turn              l - ring of protection from magic
MPRegen  0.11/turn              a - ring of poison resistance

@: no status effects
A: no striking features
a: no special abilities


You were on level 4 of the Dungeon.
You were hungry.

You visited 1 branch of the dungeon, and saw 4 of its levels.

You collected 132 gold pieces.

Inventory:

Hand Weapons
 q - a +1 hand axe of flaming (weapon)
Missiles
 t - 3 tomahawks (quivered)
Armour
 i - a +0 helmet (worn)
 r - a +0 chain mail (worn)
Jewellery
 a - a ring of poison resistance (right hand)
 e - an uncursed ring of protection from magic
 l - a ring of protection from magic (left hand)
Wands
 p - a wand of iceblast (9)
 u - a wand of digging (11)
 w - a wand of paralysis (2)
 C - a wand of polymorph (9)
Scrolls
 b - 2 scrolls of amnesia {unknown}
 d - 4 scrolls of teleportation
 h - 2 scrolls of enchant weapon {unknown}
 j - 3 scrolls of remove curse
 m - a scroll of fog {unknown}
 n - a scroll of magic mapping {unknown}
 s - 2 scrolls of noise {unknown}
 v - 2 scrolls of fear {unknown}
 x - 2 scrolls of enchant armour {unknown}
 y - a scroll of identify
Potions
 f - a potion of agility
 k - 2 potions of might
 z - a potion of invisibility
Comestibles
 c - 5 rations
 B - 4 chunks of flesh


   Skills:
 * Level 3.3 Fighting
   Level 0.7 Short Blades
 * Level 6.6 Axes
 * Level 4.2 Armour
 + Level 2.3 Dodging
 - Level 1.5 Stealth
 - Level 0.4 Unarmed Combat
 - Level 1.5 Spellcasting
 - Level 1.0 Conjurations
 - Level 2.6 Air Magic
 + Level 0.1 Evocations


You had 8 spell levels left.
You knew the following spells:

 Your Spells              Type           Power        Failure   Level  Hunger
a - Shock                 Conj/Air       #...         96%         1    ##.....

Your spell library contained the following spells:

 Spells                   Type           Power        Failure   Level  Hunger
 Swiftness                Chrm/Air       #.......     99%         2    ###....
 Static Discharge         Conj/Air       #.......     100%        3    ####...
 Airstrike                Air            #.........   100%        4    #####..
 Lightning Bolt           Conj/Air       #.........   100%        5    ######.


Dungeon Overview and Level Annotations

Branches:
Dungeon (4/15)
 Temple: D:4-7

Altars:
Ashenzari
Nemelex Xobeh


Message History

You hit the iguana but do no damage.
The iguana is lightly wounded.
The helpless iguana fails to defend itself.
You hit the iguana. You burn the iguana.
The iguana is heavily wounded.
You hit the worker ant. You burn the worker ant.
The worker ant bites you but does no damage. x2
The helpless iguana fails to defend itself.
You hit the iguana but do no damage.
The iguana is heavily wounded.
You hit the worker ant. You burn the worker ant.
The worker ant bites you but does no damage.
The helpless iguana fails to defend itself.
You slash the iguana! You burn the iguana.
You kill the iguana!
Your chain mail prevents you from hitting the worker ant.
You float gracefully downwards.
An adder skeleton comes into view.
The worker ant bites you.
You die...

#..###..............#
#..##....<........##
..#.............##
..........#..##..#.#
$.........#.........
........................#
....(...................#
.....##.#.a.............#
......##..@......####...#
.....##..........# ....
..###..#.............
.......(........##....
###...........#....#.
#......†......#...
#....##.)†.....# #
#.....Z ##))....##
#...... ##.##....


You could see a worker ant and an adder skeleton (wandering).

Vanquished Creatures
  Sigmund (D:3)
  A hungry ghost (D:4)
  A howler monkey (D:4)
  A hound (D:4)
  A bullfrog skeleton (D:3)
  A worker ant (D:4)
  An iguana (D:4)
  Terence (D:2)
  Robin (D:3)
  4 gnolls (D:4)
  3 adders
  3 worms
  2 dart slugs (D:1)
  2 leopard geckos (D:2)
  5 orcs (D:3)
  4 giant cockroaches
  16 goblins
  7 hobgoblins
  6 kobolds
  A quokka (D:4)
  7 bats
  5 frilled lizards
  9 rats
83 creatures vanquished.

Notes
Turn   | Place    | Note
-------+----------+-------------------------------------------
     0 | D:1      | Inarius the Hill Orc Air Elementalist began the quest for
                  | the Orb.
     0 | D:1      | Reached XP level 1. HP: 14/14 MP: 3/3
   332 | D:1      | Reached XP level 2. HP: 20/20 MP: 0/4
   820 | D:1      | Reached skill level 1 in Fighting
   830 | D:1      | Found a shattered altar of Ashenzari.
   843 | D:1      | Reached skill level 1 in Armour
   843 | D:1      | Reached XP level 3. HP: 27/28 MP: 2/5
  1495 | D:2      | Noticed Terence
  1514 | D:2      | Killed Terence
  1514 | D:2      | Reached XP level 4. HP: 18/36 MP: 1/6
  2110 | D:2      | Found a sparkling altar of Nemelex Xobeh.
  2131 | D:3      | Found a faded altar of an unknown god.
  2445 | D:3      | Noticed Robin
  2460 | D:3      | Reached skill level 1 in Axes
  2466 | D:3      | Killed Robin
  2589 | D:3      | Noticed Sigmund
  2606 | D:3      | Killed Sigmund
  2606 | D:3      | Reached skill level 4 in Axes
  2606 | D:3      | Reached XP level 5. HP: 17/42 MP: 7/7
  2606 | D:3      | Reached XP level 6. HP: 20/50 MP: 8/8
  3258 | D:4      | Reached skill level 5 in Axes
  3353 | D:4      | Noticed a hungry ghost
  3368 | D:4      | Killed a hungry ghost
  3368 | D:4      | Reached XP level 7. HP: 57/57 MP: 9/9
  3385 | D:4      | Reached skill level 6 in Axes
  3414 | D:4      | HP: 1/57 [iguana (3)]
  3419 | D:4      | Slain by a worker ant

Skill      XL: |  1  2  3  4  5  6  7 |
---------------+----------------------+-----
Dodging        | 2 |  2.3
Fighting       | 1 2 3 |  3.3
Armour         | 1 3 4 |  4.2
Axes           | 4 5 6 |  6.6
Short Blades   | |  0.7
Stealth        | |  1.5
Unarmed Combat | |  0.4
Spellcasting   | |  1.5
Conjurations   | |  1.0
Air Magic      | |  2.6
Evocations     | |  0.1

Action                   |  1- 3 |  4- 6 |  7- 9 || total
-------------------------+-------+-------+-------++-------
Melee: Unarmed           |    18 |       |       ||    18
       Dagger            |    19 |       |       ||    19
       Short sword       |    46 |     8 |       ||    54
       Hand axe          |       |   161 |    29 ||   190
       Spear             |       |     2 |       ||     2
Throw: Tomahawk          |       |     3 |       ||     3
 Cast: Shock             |    42 |       |       ||    42
Evoke: Wand              |       |     4 |     1 ||     5
  Use: Scroll            |       |     5 |       ||     5
       Potion            |       |     1 |     3 ||     4
 Stab: Paralysed         |       |    10 |     4 ||    14
  Eat: Chunk             |     3 |     6 |       ||     9
Armor: Leather armour    |    21 |       |       ||    21
       Ring mail         |     4 |       |       ||     4
       Chain mail        |       |   103 |    54 ||   157
Dodge: Dodged            |    77 |    43 |    27 ||   147
